 Dungeon Crawl Stone Soup version 0.31-a0-1321-g5021b54cb2 (webtiles) character file.

Game seed: 861476966867808075

1957 Sonofthefire the Mimic (level 9, -14/53 HPs)
             Began as an Octopode Shapeshifter on Dec 20, 2023.
             Was a Follower of Dithmenos.
             Demolished by Nudhul's ghost (20 damage)
             ... on level 7 of the Dungeon.
             The game lasted 00:12:45 (5214 turns).

Sonofthefire the Mimic (Octopode Shapeshifter)      Turns: 5214, Time: 00:12:46

Health: -14/53     AC:  8    Str: 17    XL:     9   Next: 19%
Magic:  9/9        EV: 13    Int: 12    God:    Dithmenos [*.....]
Gold:   265        SH:  0    Dex: 18    Spells: 8/8 levels left

rFire   . . .        y - +2 dire flail (protect)
rCold   . . .        (shield currently unavailable)
rNeg    . . .        (helmet restricted)
rPois   .            n - amulet of regeneration
rElec   .            t - +6 ring of dexterity
rCorr   .            z - ring of willpower
SInv    .            (no ring)
Will    +....        (no ring)
Stlth   ++++++       (no ring)
HPRegen 1.08/turn    (no ring)
MPRegen 0.11/turn    (no ring)
                     (no ring)

%: no passive effects
@: maw-form, under a protective aura, wreathed by umbra
A: devouring maw, almost no armour, amphibious, 8 rings, camouflage 1,
gelatinous body 1, nimble swimmer 1, tentacles
a: Begin Untransformation, Renounce Religion


You were on level 7 of the Dungeon.
You worshipped Dithmenos.
Dithmenos was aware of your devotion.
You were a creature with a mouth for a stomach.
You visited 2 branches of the dungeon, and saw 8 of its levels.
You also visited: Ossuary.

You collected 265 gold pieces.

Inventory:

Hand Weapons
 y - a +2 dire flail of protection (weapon)
Missiles
 x - 7 poisoned darts
Jewellery
 n - an amulet of regeneration (around mantle)
 t - a +6 ring of dexterity (left tentacle)
 z - a ring of willpower (right tentacle)
Talismans
 b - a beast talisman
 c - a flux talisman
 j - a blade talisman
 w - a maw talisman (active)
Wands
 v - a wand of flame (32)
Scrolls
 d - 3 scrolls of silence {unknown}
 e - 2 scrolls of summoning {unknown}
 h - 2 scrolls of blinking {unknown}
 i - a scroll of poison {unknown}
 k - a scroll of revelation {unknown}
 l - a scroll of amnesia {unknown}
 m - a scroll of teleportation {unknown}
 p - a scroll of fear {unknown}
 q - 4 scrolls of identify {unknown}
 r - a scroll of immolation {unknown}
 A - a scroll of noise {unknown}
 B - a scroll of vulnerability {unknown}
Potions
 a - a potion of lignification
 f - 2 potions of might {unknown}
 g - a potion of ambrosia {unknown}
 o - 2 potions of curing {unknown}
 s - a potion of heal wounds {unknown}
 u - a potion of brilliance {unknown}


   Skills:
 + Level 1.1 Fighting
 - Level 0.1 Maces & Flails
 + Level 2.1 Dodging
 - Level 4.7 Stealth
 + Level 3.0 Unarmed Combat
 + Level 10.6 Shapeshifting


You had 8 spell levels left.
You didn't know any spells.
Your spell library contained the following spells:

 Spells                   Type           Power      Damage    Failure   Level
 Lesser Beckoning         Tloc           0%         N/A       45%         2
 Gell's Gravitas          Tloc           0%         N/A       69%         3
 Teleport Other           Tloc           0%         N/A       69%         3


Dungeon Overview and Level Annotations

Branches:
Dungeon (7/15)             Temple (1/1) D:4         Ossuary (visited)

Altars:
Ashenzari
Cheibriados
Dithmenos
Elyvilon
Fedhas
Kikubaaqudgha
Nemelex Xobeh
Okawaru
Qazlal
Trog
Uskayaw
Vehumet
Wu Jian
Xom
Yredelemnul
Zin
The Shining One

Annotations:
D:7 Nudhul's ghost, novice MiBe


Innate Abilities, Weirdness & Mutations

You are a creature with a mouth for a stomach.
Your midsection houses a second, enormous mouth.
You cannot wear most types of armour.
You are amphibious.
You can wear up to eight rings at the same time.
Your skin changes colour to match your surroundings (Stealth+).
Your rubbery body absorbs attacks. (AC +1, EV +1)
You are camouflaged when in or above water. (Stealth+)
You have tentacles for arms and can constrict up to eight enemies at once.


Message History

Okay, then.
Okay, then.
Okay, then.
You open the door.
There is an open translucent door here.
You enter the shallow water.
Nudhul's ghost turns its malevolent gaze towards you.
You puncture Nudhul's ghost!
Your weapon exudes an aura of protection.
You squeeze Nudhul's ghost, but do no damage.
You bite Nudhul's ghost, but do no damage.
Nudhul's ghost is lightly damaged.
Nudhul's ghost hits you!! Nudhul's ghost hits you.
You barely miss Nudhul's ghost. Your squeeze misses Nudhul's ghost.
You bite Nudhul's ghost, but do no damage.
Nudhul's ghost is lightly damaged.
Nudhul's ghost hits you but does no damage.
You hit Nudhul's ghost. You bite Nudhul's ghost.
Nudhul's ghost is moderately damaged.
Nudhul's ghost misses you.
You hit Nudhul's ghost but do no damage.
You squeeze Nudhul's ghost.
You bite Nudhul's ghost, but do no damage.
Nudhul's ghost is moderately damaged.
Nudhul's ghost barely misses you. Nudhul's ghost hits you!
You barely miss Nudhul's ghost. You squeeze Nudhul's ghost!
Nudhul's ghost is moderately damaged.
Nudhul's ghost barely misses you.
You completely miss Nudhul's ghost. You bite Nudhul's ghost!
Nudhul's ghost is heavily damaged.
Nudhul's ghost hits you!
* * * LOW HITPOINT WARNING * * *
You puncture Nudhul's ghost! You tentacle-slap Nudhul's ghost.
You bite Nudhul's ghost.
Nudhul's ghost is severely damaged.
Nudhul's ghost closely misses you.
You hit Nudhul's ghost. You squeeze Nudhul's ghost!
Nudhul's ghost is almost destroyed.
Nudhul's ghost hits you!!
You die...

#.##.##..#..#
#....##..##.#
#..####..##.##
#.<# #..##|..
#..# #..####.
#..# #..## #.
########..#
#...# #.
#.....#...#
#.#.# #.
#)~WW~'...#
#.#.###.
#.?...#..##
#.#....#
#######..#
#.####.# #..#
#.# #.# ...#
#.# #.# ....
.. ... ~~...#
##. #~..$# #
#≈...#


You could see Nudhul's ghost.

Vanquished Creatures
  Grinder (D:4)
  Sigmund (D:2)
  Edmund (D:6)
  A water moccasin (D:5)
  An ogre (D:5)
  3 phantoms
  Blork the orc (D:4)
  A kobold brigand (D:5)
  4 scorpions
  3 wights (D:6)
  A vampire bat (D:3)
  4 hounds
  A sleepcap (D:6)
  3 iguanas
  An orc wizard (D:6)
  A gnoll (D:1)
  4 adders
  2 shadow imps
  2 white imps (D:6)
  2 worms (D:2)
  4 dart slugs
  3 fire bats (D:3)
  9 orcs
  2 spectral bats (D:3)
  19 bats
  3 bat skeletons (D:3)
  A bat zombie (D:3)
  8 endoplasms
  3 giant cockroaches
  8 hobgoblins
  3 jackals (D:4)
  10 kobolds
  6 quokkas
  12 ball pythons
  A bat simulacrum (D:3)
  A frilled lizard (D:3)
  5 goblins
  A hobgoblin zombie (Ossuary)
  4 rats
141 creatures vanquished.

Notes
Turn   | Place    | Note
-------+----------+-------------------------------------------
     0 | D:1      | Sonofthefire the Octopode Shapeshifter began the quest for
                  | the Orb.
     0 | D:1      | Reached XP level 1. HP: 13/13 MP: 1/1
   103 | D:1      | Reached XP level 2. HP: 13/18 MP: 2/2
   440 | D:1      | Reached XP level 3. HP: 22/23 MP: 3/3
   488 | D:1      | Reached skill level 4 in Shapeshifting
   567 | D:1      | HP: 1/23 [gnoll/+0 flail (8)]
   570 | D:1      | Reached skill level 1 in Stealth
   990 | D:2      | Reached XP level 4. HP: 25/28 MP: 4/4
  1104 | D:2      | Found a basalt altar of Yredelemnul.
  1138 | D:2      | Noticed Sigmund
  1158 | D:2      | Killed Sigmund
  1159 | D:2      | Reached skill level 5 in Shapeshifting
  1159 | D:2      | Reached XP level 5. HP: 17/33 MP: 5/5
  1159 | D:2      | Reached XP level 6. HP: 20/38 MP: 6/6
  1791 | D:3      | Found an ancient bone altar of Kikubaaqudgha.
  1832 | D:3      | Found a faded altar of an unknown god.
  2183 | D:3      | Reached skill level 6 in Shapeshifting
  2297 | D:3      | Reached XP level 7. HP: 38/43 MP: 7/7
  2843 | D:4      | Found a staircase to the Ecumenical Temple.
  2851 | Temple   | Entered the Ecumenical Temple
  2927 | Temple   | Became a worshipper of Dithmenos the Shadowed
  2954 | D:4      | Reached skill level 7 in Shapeshifting
  2990 | D:4      | Noticed Grinder
  3000 | D:4      | Killed Grinder
  3090 | D:4      | Noticed Blork the orc
  3098 | D:4      | Killed Blork the orc
  3304 | D:4      | Reached XP level 8. HP: 44/48 MP: 8/8
  3326 | D:4      | Reached skill level 8 in Shapeshifting
  3754 | D:5      | Entered Level 5 of the Dungeon
  3942 | D:5      | Found a glowing golden altar of the Shining One.
  3979 | D:5      | Reached skill level 9 in Shapeshifting
  4646 | D:6      | Reached * piety under Dithmenos
  4694 | D:6      | Reached skill level 10 in Shapeshifting
  4718 | D:6      | Found an ornate altar of the Wu Jian Council.
  4752 | D:6      | Reached XP level 9. HP: 51/53 MP: 9/9
  4763 | D:6      | Found a sand-covered staircase.
  4763 | D:6      | Noticed Edmund
  4773 | D:6      | Killed Edmund
  4782 | Ossuary  | Entered an ossuary
  5149 | D:7      | Found a runed translucent door.
  5199 | D:7      | Noticed Nudhul's ghost (novice MiBe)
  5214 | D:7      | Demolished by Nudhul's ghost

Illustrated notes

Levels and vault maps discovered:
D:1:      mrwooster_arrival_arrow, layout_basic, lemuel_flame_loot_1
D:2:      layout_rooms, basic_altar, minmay_tree_intersection,
          uniq_crazy_yiuf_cottage, uniq_sigmund
D:3:      layout_basic, kiku_gazebo_pond_becter,
          hellmonk_ecumenical_altar_prayer_group, goddamned_bats
D:4:      layout_basic, minmay_temple_entry_crystal_x, minmay_misc_feat_rugged,
          uniq_blork_the_orc, uniq_grinder
D:5:      layout_cave_pods, mainiacjoe_overflow_cross_hatched
D:6:      minmay_klotski, layout_rooms, kennysheep_mini,
          nicolae_ossuary_entry_plus, uniq_edmund
D:7:      minmay_flawed_box, layout_rooms, ebering_ghost_reflecting_pool,
          enter_bailey_3
Temple:   nicolae_temple_superstar

Skill      XL: |  1  2  3  4  5  6  7  8 |
---------------+-------------------------+-----
Shapeshifting  | 4 5 6 7 10 | 10.6
Stealth        | 1 4 |  4.7
Fighting       | |  1.1
Maces & Flails | |  0.1
Dodging        | |  2.1
Unarmed Combat | |  3.0

Action                     |  1- 3 |  4- 6 |  7- 9 || total
---------------------------+-------+-------+-------++-------
  Melee: Unarmed           |    77 |    70 |   166 ||   313
         Constrict         |    25 |    22 |    43 ||    90
         Tentacles         |    10 |    18 |    48 ||    76
         Punch             |     4 |     1 |     2 ||     7
         Dire flail        |       |       |    23 ||    23
         Maw               |       |       |    14 ||    14
   Stab: Sleeping          |     3 |     8 |     7 ||    18
         Distracted        |       |       |     1 ||     1
 Armour: Skin              |    31 |    29 |    94 ||   154
  Dodge: Dodged            |    58 |    47 |   178 ||   283
   Form: Flux              |       |       |     1 ||     1
         Maw               |       |       |     1 ||     1

Table legend: (Time is in decaauts)
 A = Elapsed time spent in this place.
 B = Non-inter-level travel time spent in this place.
 C = Inter-level travel time spent in this place.
 D = Time resting spent in this place.
 E = Time spent auto-exploring this place.
 F = Levels seen in this place.
 G = Mean time per level.
                   A        B        C        D        E       F      G
               +--------+--------+--------+--------+--------+-----+--------+
         Total |   5201 |   4938 |    263 |   1009 |   2946 |   9 |  577.9 |
       Dungeon |   5091 |   4837 |    254 |   1004 |   2946 |   7 |  727.3 |
        Temple |     85 |     76 |      9 |      0 |      0 |   1 |   85.0 |
       Ossuary |     24 |     24 |      0 |      5 |      0 |   1 |   24.0 |
               +--------+--------+--------+--------+--------+-----+--------+

Top non-repeatable levels by time:
     D:4: 1083 daAuts
     D:3: 1082 daAuts
     D:5: 917 daAuts
     D:1: 882 daAuts
     D:2: 606 daAuts
     D:6: 452 daAuts
  Temple: 85 daAuts
     D:7: 67 daAuts
 Ossuary: 24 daAuts
